 Dungeon Crawl Stone Soup version 0.31-a0-889-g1a8549509d (webtiles) character file.

Game seed: 5181638454894327026

9 gelatine the Changeling (level 2, -7/21 HPs)
             Began as a Demonspawn Shapeshifter on Oct 17, 2023.
             Mangled by a gnoll
             ... wielding a +2 flail of protection
              (11 damage)
             ... on level 1 of the Dungeon.
             The game lasted 00:01:47 (113 turns).

gelatine the Changeling (Demonspawn Shapeshifter)    Turns: 113, Time: 00:01:47

Health: -7/21      AC:  2    Str: 14    XL:     2   Next: 6%
Magic:  2/2        EV: 12    Int: 11    God:
Gold:   25         SH:  0    Dex: 12    Spells: 1/1 levels left

rFire   . .          .
                       - Unarmed
rCold   . . .        (no shield)
rNeg    . . .        a - +0 animal skin
rPois   .            (helmet currently unavailable)
rElec   .            (cloak currently unavailable)
rCorr   .            (gloves currently unavailable)
SInv    .            (boots currently unavailable)
Will    .....        (no amulet)
Stlth   +            (no ring)
HPRegen 0.23/turn    (no ring)
MPRegen 0.08/turn

%: no passive effects
@: beast-form
A: beast (slay +1), horns 1
a: Begin Untransformation


You were on level 1 of the Dungeon.
You were a hulking beast.
You visited 1 branch of the dungeon, and saw 1 of its levels.

You collected 25 gold pieces.

Inventory:

Armour
 a - a +0 animal skin (worn)
 e - a +0 pair of gloves
Talismans
 c - a beast talisman (active)
 d - a flux talisman
Potions
 b - a potion of lignification


   Skills:
 * Level 1.1 Fighting
 * Level 0.2 Armour
 * Level 1.8 Dodging
 * Level 0.2 Stealth
 * Level 2.8 Unarmed Combat
 * Level 2.9 Shapeshifting


You had one spell level left.
You didn't know any spells.
Your spell library was empty.

Dungeon Overview and Level Annotations

Branches:
Dungeon (1/15)

Altars:


Innate Abilities, Weirdness & Mutations

You are a hulking beast.
Your limbs bulge with bestial killing power. (Slay +1)
You have a pair of small horns on your head.


Message History

The giant cockroach bites you.
A kobold comes into view. It is wielding a +0 whip.
The goblin hits you with a +0 club.
The kobold shouts!
You hit the giant cockroach.
The giant cockroach is almost dead.
The giant cockroach closely misses you.
A gnoll comes into view.
It is wielding a +2 flail of protection.
The goblin barely misses you. The giant cockroach closely misses you.
The gnoll shouts!
You punch the giant cockroach!
You kill the giant cockroach!
The goblin hits you with a +0 club.
You completely miss the goblin. The goblin hits you with a +0 club.
You hit the goblin.
The goblin is severely wounded.
The goblin closely misses you.
You barely miss the goblin.
The goblin is severely wounded.
The goblin barely misses you.
You hit the goblin.
You kill the goblin!
You have reached level 2!
Your demonic ancestry asserts itself...
A pair of horns grows on your head! The kobold barely misses you.
You hit the kobold.
You kill the kobold!
Things that are here:
a +0 whip; 11 gold pieces; a kobold corpse You hit the gnoll but do no damage.
The gnoll misses you.
You hit the gnoll.
The gnoll is moderately wounded.
The gnoll hits you with a +2 flail of protection!
* * * LOW HITPOINT WARNING * * *
You closely miss the gnoll.
The gnoll is moderately wounded.
The gnoll hits you with a +2 flail of protection!
Ouch! That really hurt!
You die...

...#.. #.......# #.
.#.#..##)#..# ..
##.#........# ##.# .#
.#.#...#).#.###...## .
.#.#............... .#
.#.###....##..... .
.#.'.'.##.#..#.### .#
.#.######.#......###.###..
.#.#.........##.hg.)....$.
.#.#.........####..†.##..
#.#...#.....# ####......
#.#...#.....# .#### ..###
#.....# # ### #.....#
....... ..###.... ## #....


You could see a gnoll.

Vanquished Creatures
  An endoplasm (D:1)
  A giant cockroach (D:1)
  3 goblins (D:1)
  2 kobolds (D:1)
  A rat (D:1)
8 creatures vanquished.

Notes
Turn   | Place    | Note
-------+----------+-------------------------------------------
     0 | D:1      | gelatine the Demonspawn Shapeshifter began the quest for
                  | the Orb.
     0 | D:1      | Reached XP level 1. HP: 15/15 MP: 1/1
   108 | D:1      | Gained mutation: You have a pair of small horns on your
                  | head. [demonic ancestry]
   108 | D:1      | Reached XP level 2. HP: 13/21 MP: 2/2
   113 | D:1      | Mangled by a gnoll

Illustrated notes

Levels and vault maps discovered:
D:1:      matt_arrival_los_fun, layout_rooms, ebering_ecumenical_altar_box,
          roderic_lattice_a

Action                     || total
---------------------------++-------
  Melee: Unarmed           ||    24
 Armour: Animal skin       ||    13
  Dodge: Dodged            ||    12
         Form:             ||     1
         Beast             ||     1

Table legend: (Time is in decaauts)
 A = Elapsed time spent in this place.
 B = Non-inter-level travel time spent in this place.
 C = Inter-level travel time spent in this place.
 D = Time resting spent in this place.
 E = Time spent auto-exploring this place.
 F = Levels seen in this place.
 G = Mean time per level.
                   A        B        C        D        E       F      G
               +--------+--------+--------+--------+--------+-----+--------+
         Total |    112 |    112 |      0 |      0 |     55 |   1 |  112.0 |
       Dungeon |    112 |    112 |      0 |      0 |     55 |   1 |  112.0 |
               +--------+--------+--------+--------+--------+-----+--------+

Top non-repeatable levels by time:
     D:1: 112 daAuts
